[Event "ICC tourney 2198 (45 10)"]
[Site "Internet Chess Club"]
[Date "2020.12.12"]
[Round "3"]
[White "funpawn"]
[Black "Mengocat"]
[Result "0-1"]
[ICCResult "White checkmated"]
[WhiteElo "1765"]
[BlackElo "1969"]
[Opening "Ruy Lopez: modern Steinitz defense"]
[ECO "C71"]
[NIC "RL.10"]
[Time "16:02:10"]
[PlyCount "116"]
[TimeControl "2700+10"]


1. e4 e5 2. Nf3 Nc6 3. Bb5 a6 4. Ba4 d6 5. d4 b5 6. Bb3 Nxd4 7. Nxd4 exd4
8. a4 Bb7 9. axb5 axb5 10. Rxa8 Bxa8 11. Qe2 Qd7 12. c3 dxc3 13. Nxc3 Nf6
14. O-O Be7 15. f3 c6 16. Bf4 O-O 17. Rd1 Qc7 18. Qd3 Rd8 19. Rc1 h6 20.
Be3 Qd7 21. Ne2 c5 22. Qd2 Bc6 23. Ng3 Bf8 24. Rd1 c4 25. Bc2 Re8 26. Bd4
Qe6 27. Qc3 d5 28. e5 b4 29. Qd2 Nd7 30. Bf5 Qe7 31. f4 Ra8 32. Re1 g6 33.
Bb1 b3 34. e6 fxe6 35. Bxg6 Qd6 36. Be5 Nxe5 37. fxe5 Qe7 38. Rf1 Be8 39.
Bxe8 Qxe8 40. Qe2 Qg6 41. Nh5 Bc5+ 42. Kh1 Bd4 43. h3 Rf8 44. Nf6+ Kh8 45.
Re1 c3 46. bxc3 Bxc3 47. Rf1 b2 48. Kh2 b1=Q 49. Rxb1 Qxb1 50. Qe3 Bxe5+
51. g3 Rxf6 52. Qxe5 Qf1 53. h4 Kh7 54. Qc7+ Rf7 55. Qc2+ Qf5 56. Qc8 Qf2+
57. Kh1 Qf1+ 58. Kh2 Rf2# { White checkmated } 0-1

[Event "ICC tourney 2198 (45 10)"]
[Site "Internet Chess Club"]
[Date "2020.12.12"]
[Round "3"]
[White "saisneha"]
[Black "juicysnail"]
[Result "1-0"]
[ICCResult "Black resigns"]
[WhiteElo "1883"]
[BlackElo "2247"]
[Opening "Queen's Indian: old main line, 7.Nc3"]
[ECO "E18"]
[NIC "QI.09"]
[Time "16:02:55"]
[PlyCount "83"]
[TimeControl "2700+10"]


1. d4 Nf6 2. c4 e6 3. Nf3 b6 4. g3 Bb7 5. Bg2 Be7 6. O-O O-O 7. Nc3 d5 8.
cxd5 exd5 9. Bf4 c5 10. Rc1 Nc6 11. e3 Ne4 12. dxc5 Nxc3 13. Rxc3 bxc5 14.
Nh4 g5 15. Nf5 Bf6 16. Rxc5 gxf4 17. Rxd5 Qc8 18. Nd6 Qc7 19. Nxb7 Qxb7 20.
Qg4+ Kh8 21. Rd6 Qe7 22. Rxc6 fxe3 23. Rxf6 Qxf6 24. Bxa8 Rxa8 25. fxe3
Qxb2 26. Rxf7 Qb1+ 27. Rf1 Qxa2 28. Qd4+ Kg8 29. Rf2 Qb1+ 30. Kg2 Qb7+ 31.
Kh3 a5 32. Rf4 h5 33. Qf6 Qg7 34. Qe6+ Kh8 35. Rf5 Qg4+ 36. Kg2 Qe2+ 37.
Kg1 Qd1+ 38. Rf1 Qg4 39. Qe5+ Kh7 40. Rf7+ Kg8 41. Qd5 Rd8 42. Rd7+ { Black
resigns } 1-0

[Event "ICC tourney 2198 (45 10)"]
[Site "Internet Chess Club"]
[Date "2020.12.12"]
[Round "4"]
[White "Spinninja"]
[Black "VibrantBroccoli"]
[Result "1-0"]
[ICCResult "Black checkmated"]
[WhiteElo "2107"]
[BlackElo "1811"]
[Opening "QGD: exchange, positional line, 5...c6"]
[ECO "D35"]
[NIC "QO.16"]
[Time "18:31:34"]
[PlyCount "75"]
[TimeControl "2700+10"]


1. d4 d5 2. c4 e6 3. Nc3 Nf6 4. cxd5 exd5 5. Bg5 c6 6. e3 Bf5 7. Bd3 Be6 8.
Nf3 Nbd7 9. Qc2 h6 10. Bh4 Qb6 11. h3 Rc8 12. Rb1 c5 13. O-O Be7 14. Na4
Qa5 15. b4 Qd8 16. bxc5 Rc7 17. Bg3 Rc8 18. Rxb7 O-O 19. Rfb1 Nb6 20. Nxb6
axb6 21. R1xb6 Nd7 22. Rb1 Nxc5 23. dxc5 Rxc5 24. Qe2 Bd6 25. Bxd6 Qxd6 26.
Nd4 Bc8 27. R7b6 Qe7 28. Rc6 Rxc6 29. Nxc6 Qg5 30. Qf3 Bd7 31. Nd4 f5 32.
Qxd5+ Kh8 33. Qxd7 f4 34. Qg4 Qe5 35. Qg6 Kg8 36. Qh7+ Kf7 37. Rb7+ Kf6 38.
Qxg7# { Black checkmated } 1-0

[Event "ICC tourney 2198 (45 10)"]
[Site "Internet Chess Club"]
[Date "2020.12.12"]
[Round "4"]
[White "juicysnail"]
[Black "ved2006"]
[Result "1-0"]
[ICCResult "Black resigns"]
[WhiteElo "2247"]
[BlackElo "1719"]
[Opening "Queen's pawn, Mason variation"]
[ECO "D00"]
[NIC "QP.08"]
[Time "18:31:36"]
[PlyCount "51"]
[TimeControl "2700+10"]


1. d4 d5 2. Bf4 Nf6 3. e3 e6 4. Nf3 b6 5. c3 Bb7 6. Nbd2 Bd6 7. Bg3 Bxg3 8.
hxg3 c5 9. Bd3 Nc6 10. Qe2 h6 11. Rd1 Qc7 12. e4 dxe4 13. Nxe4 Nxe4 14.
Bxe4 Ne7 15. dxc5 bxc5 16. Qb5+ Bc6 17. Qxc5 Qb6 18. Qxb6 axb6 19. Bxc6+
Nxc6 20. Rd6 Nd8 21. a3 Rb8 22. Ke2 Ke7 23. Rhd1 b5 24. Ne5 Rb7 25. Rxd8
Rxd8 26. Nc6+ { Black resigns } 1-0

[Event "ICC tourney 2198 (45 10)"]
[Site "Internet Chess Club"]
[Date "2020.12.12"]
[Round "4"]
[White "Mrpeetapizza"]
[Black "Spence9000"]
[Result "1-0"]
[ICCResult "Black resigns"]
[WhiteElo "1877"]
[BlackElo "1625"]
[Opening "Sicilian: Kan, 5.Bd3"]
[ECO "B42"]
[NIC "SI.42"]
[Time "18:31:36"]
[PlyCount "37"]
[TimeControl "2700+10"]


1. e4 c5 2. Nf3 e6 3. d4 cxd4 4. Nxd4 a6 5. Bd3 Qc7 6. O-O Nf6 7. Qe2 Bd6
8. Nf3 Be7 9. c4 b6 10. e5 Ng8 11. Nc3 Bb7 12. Bf4 d6 13. Rad1 Nd7 14. exd6
Bxd6 15. Bxd6 Qxd6 16. Be4 Qc7 17. Bxb7 Qxb7 18. Ne4 Ngf6 19. Nd6+ { Black
resigns } 1-0

[Event "ICC tourney 2198 (45 10)"]
[Site "Internet Chess Club"]
[Date "2020.12.12"]
[Round "4"]
[White "awakeflood"]
[Black "GutsyEdge"]
[Result "1/2-1/2"]
[ICCResult "Game drawn by mutual agreement"]
[WhiteElo "1787"]
[BlackElo "2027"]
[Opening "Sicilian: Kan, 5.Nc3"]
[ECO "B43"]
[NIC "SI.41"]
[Time "18:31:55"]
[PlyCount "35"]
[TimeControl "2700+10"]


1. e4 c5 2. Nf3 e6 3. d4 cxd4 4. Nxd4 a6 5. Nc3 Qc7 6. a3 Nf6 7. Bd3 Nc6 8.
Be3 Be7 9. O-O O-O 10. f4 d6 11. f5 Nxd4 12. Bxd4 b5 13. Qf3 e5 14. Be3 Bb7
15. g4 d5 16. exd5 Rfd8 17. g5 Nxd5 18. Qh3 { Game drawn by mutual
agreement } 1/2-1/2

[Event "ICC tourney 2198 (45 10)"]
[Site "Internet Chess Club"]
[Date "2020.12.12"]
[Round "4"]
[White "dabpacman"]
[Black "arconsul2"]
[Result "0-1"]
[ICCResult "White resigns"]
[WhiteElo "1466"]
[BlackElo "1800"]
[Opening "Caro-Kann: classical, Spassky variation"]
[ECO "B19"]
[NIC "CK.12"]
[Time "18:31:42"]
[PlyCount "62"]
[TimeControl "2700+10"]


1. e4 c6 2. d4 d5 3. Nc3 dxe4 4. Nxe4 Bf5 5. Ng3 Bg6 6. h4 h6 7. Nf3 Nd7 8.
h5 Bh7 9. Bd3 Bxd3 10. Qxd3 Ngf6 11. Bd2 Qc7 12. O-O-O O-O-O 13. Ne4 Nxe4
14. Qxe4 Nf6 15. Qh4 e6 16. Bf4 Bd6 17. Be5 Bxe5 18. Nxe5 Rhf8 19. Qg3 Ne4
20. Qe3 Nd6 21. Kb1 Qb6 22. c4 Nf5 23. Qc3 Rxd4 24. c5 Qb4 25. Rxd4 Qxd4
26. Qxd4 Nxd4 27. Rd1 f6 28. Rxd4 fxe5 29. Re4 Rxf2 30. Rxe5 Kd7 31. g4 Rf4
{ White resigns } 0-1

[Event "ICC tourney 2198 (45 10)"]
[Site "Internet Chess Club"]
[Date "2020.12.12"]
[Round "4"]
[White "loveEdinburgh"]
[Black "avats"]
[Result "1-0"]
[ICCResult "Black checkmated"]
[WhiteElo "1828"]
[BlackElo "1589"]
[Opening "QGD: exchange, positional line"]
[ECO "D35"]
[NIC "QO.16"]
[Time "18:31:32"]
[PlyCount "77"]
[TimeControl "2700+10"]


1. d4 Nf6 2. c4 e6 3. Nc3 d5 4. cxd5 exd5 5. Bg5 Be7 6. e3 Bf5 7. Qb3 Bc8
8. Bxf6 Bxf6 9. Qxd5 O-O 10. Qxd8 Rxd8 11. O-O-O Bf5 12. Bd3 Bxd3 13. Rxd3
Nd7 14. Nf3 c5 15. Rhd1 cxd4 16. exd4 Nb6 17. Kb1 Rd7 18. Ne5 Bxe5 19. dxe5
Rad8 20. Rxd7 Rxd7 21. Rxd7 Nxd7 22. f4 Kf8 23. Kc2 Ke7 24. Kd3 Ke6 25. Ke4
f6 26. f5+ Ke7 27. e6 Nb6 28. Nd5+ Nxd5 29. Kxd5 g6 30. g4 g5 31. Kc5 h6
32. Kd5 Ke8 33. Kd6 Kd8 34. e7+ Ke8 35. Ke6 b5 36. Kxf6 a5 37. Ke6 b4 38.
f6 b3 39. f7# { Black checkmated } 1-0

[Event "ICC tourney 2198 (45 10)"]
[Site "Internet Chess Club"]
[Date "2020.12.12"]
[Round "4"]
[White "audreykeyanli"]
[Black "funpawn"]
[Result "0-1"]
[ICCResult "White checkmated"]
[WhiteElo "1240"]
[BlackElo "1765"]
[Opening "Giuoco Pianissimo: Italian four knights variation"]
[ECO "C50"]
[NIC "IG.02"]
[Time "18:31:47"]
[PlyCount "108"]
[TimeControl "2700+10"]


1. e4 e5 2. Nf3 Nc6 3. Bc4 Bc5 4. Nc3 Nf6 5. d3 a6 6. a3 d6 7. h3 O-O 8.
O-O h6 9. Re1 Be6 10. Bxe6 fxe6 11. Bd2 Qd7 12. Rb1 b5 13. b4 Ba7 14. Ne2
Rae8 15. Ng3 d5 16. c3 Qf7 17. exd5 exd5 18. Rf1 Qg6 19. Qe2 Qxg3 20. Be3
Bxe3 21. Qxe3 Qf4 22. Qc5 e4 23. dxe4 dxe4 24. Nd4 Nxd4 25. Qxd4 Qe5 26.
Qxe5 Rxe5 27. Rfe1 Nd5 28. Rbc1 e3 29. fxe3 Rxe3 30. Rxe3 Nxe3 31. Kh2 Nc4
32. Ra1 Rf2 33. a4 Rc2 34. axb5 axb5 35. Ra7 Rxc3 36. Rxc7 Rb3 37. Rc8+ Kh7
38. Rb8 Rxb4 39. g4 Rb1 40. Kg3 b4 41. h4 b3 42. g5 hxg5 43. hxg5 b2 44.
Rxb2 Rxb2 45. Kf4 Kg6 46. Kg4 Rb4 47. Kg3 Kxg5 48. Kg2 Kg4 49. Kg1 g5 50.
Kf2 Rb2+ 51. Kf1 Kg3 52. Ke1 g4 53. Kf1 Kf3 54. Ke1 Rb1# { White checkmated
} 0-1

[Event "ICC tourney 2198 (45 10)"]
[Site "Internet Chess Club"]
[Date "2020.12.12"]
[Round "4"]
[White "RyanWu"]
[Black "vvguys"]
[Result "0-1"]
[ICCResult "White resigns"]
[WhiteElo "1738"]
[BlackElo "1559"]
[Opening "QGD semi-Slav"]
[ECO "D43"]
[NIC "SL.03"]
[Time "18:31:35"]
[PlyCount "84"]
[TimeControl "2700+10"]


1. d4 d5 2. c4 c6 3. Nc3 Nf6 4. Nf3 e6 5. Bg5 Be7 6. e3 Nbd7 7. Qc2 O-O 8.
Bd3 dxc4 9. Bxc4 b5 10. Bd3 a6 11. O-O Bb7 12. Ne4 Rc8 13. Nxf6+ Bxf6 14.
Bxh7+ Kh8 15. Bxf6 Nxf6 16. Be4 Nxe4 17. Qxe4 Qe7 18. Qf4 f6 19. Qh4+ Kg8
20. Ne5 g5 21. Ng6 Qg7 22. Qh5 Rf7 23. f4 c5 24. fxg5 Be4 25. Nf4 Rc6 26.
gxf6 Rxf6 27. Qe8+ Rf8 28. Qh5 Rxf4 29. Qe2 Rg4 30. Rf2 cxd4 31. Raf1 d3
32. Rf8+ Kh7 33. Qxg4 Qxg4 34. R1f7+ Qg7 35. Rxg7+ Kxg7 36. Rd8 Bd5 37. Kf2
Rc1 38. Rd7+ Kf6 39. e4 d2 40. exd5 d1=Q 41. dxe6 Qe1+ 42. Kf3 Qxe6 { White
resigns } 0-1

[Event "ICC tourney 2198 (45 10)"]
[Site "Internet Chess Club"]
[Date "2020.12.12"]
[Round "4"]
[White "chesslin"]
[Black "yanje03"]
[Result "1-0"]
[ICCResult "Black resigns"]
[WhiteElo "1804"]
[BlackElo "1452"]
[Opening "Queen's pawn: London system"]
[ECO "A45"]
[NIC "QP.07"]
[Time "18:32:24"]
[PlyCount "49"]
[TimeControl "2700+10"]


1. d4 Nf6 2. Bf4 c5 3. e3 cxd4 4. exd4 g6 5. Nc3 Bg7 6. h4 d5 7. a3 Nc6 8.
Nb5 O-O 9. h5 Nxh5 10. Rxh5 gxh5 11. Qxh5 Be6 12. Bd3 f5 13. Nf3 Kh8 14.
O-O-O Bf7 15. Qh2 Qd7 16. Rh1 Bg6 17. Nc7 Rac8 18. Ne5 Nxe5 19. Bxe5 a6 20.
Qh6 Bxe5 21. Qxg6 Bf4+ 22. Kb1 h6 23. Ne6 Rf7 24. Qxf7 Rg8 25. Bxf5 { Black
resigns } 1-0

[Event "ICC tourney 2198 (45 10)"]
[Site "Internet Chess Club"]
[Date "2020.12.12"]
[Round "4"]
[White "GeorgeDai"]
[Black "mopaska1106"]
[Result "1-0"]
[ICCResult "Black resigns"]
[WhiteElo "2060"]
[BlackElo "1918"]
[Opening "Dutch"]
[ECO "A80"]
[NIC "HD.12"]
[Time "18:33:24"]
[PlyCount "49"]
[TimeControl "2700+10"]


1. d4 f5 2. Nc3 Nf6 3. Bg5 d5 4. Bxf6 exf6 5. e3 c6 6. Bd3 g6 7. h4 Bd6 8.
h5 Kf7 9. Qf3 Be6 10. Nge2 Nd7 11. Nf4 Qe7 12. Nxe6 Qxe6 13. O-O-O b5 14.
Rdg1 b4 15. Ne2 c5 16. dxc5 Nxc5 17. Nd4 Qe5 18. Kb1 Ne4 19. Bxe4 dxe4 20.
Qh3 Kg7 21. f4 exf3 22. gxf3 Kf7 23. Qg2 g5 24. f4 Qxe3 25. Qd5+ { Black
resigns } 1-0

[Event "ICC tourney 2198 (45 10)"]
[Site "Internet Chess Club"]
[Date "2020.12.12"]
[Round "4"]
[White "Mengocat"]
[Black "Niteshc"]
[Result "1-0"]
[ICCResult "Black checkmated"]
[WhiteElo "1969"]
[BlackElo "1644"]
[Opening "Caro-Kann: Tartakower (Nimzovich) variation"]
[ECO "B15"]
[NIC "CK.06"]
[Time "18:31:38"]
[PlyCount "83"]
[TimeControl "2700+10"]


1. e4 c6 2. d4 d5 3. Nc3 dxe4 4. Nxe4 Nf6 5. Nxf6+ exf6 6. Nf3 Bd6 7. c3
O-O 8. Be2 Bg4 9. O-O Re8 10. Be3 Qc7 11. h3 Bh5 12. Re1 Nd7 13. Rc1 Re7
14. c4 Rae8 15. Qd2 a5 16. c5 Bg3 17. Bd1 Bxf3 18. Bxf3 Bh4 19. Red1 Nf8
20. Bf4 Qc8 21. Bd6 Bg5 22. Qxa5 Bxc1 23. Bxe7 Bxb2 24. Bxf8 Kxf8 25. Qb4
Bxd4 26. Qxd4 Qf5 27. Bg4 Qc2 28. a4 Qb3 29. Rd3 Qb1+ 30. Kh2 Qe1 31. Re3
Rxe3 32. Qxe3 Qxe3 33. fxe3 Ke7 34. Bc8 b6 35. cxb6 f5 36. b7 f4 37. exf4
c5 38. b8=Q c4 39. Qe5+ Kf8 40. Qd6+ Ke8 41. Qd7+ Kf8 42. Qd8# { Black
checkmated } 1-0

[Event "ICC tourney 2198 (45 10)"]
[Site "Internet Chess Club"]
[Date "2020.12.12"]
[Round "4"]
[White "AJ2000"]
[Black "jmwgroff"]
[Result "0-1"]
[ICCResult "White resigns"]
[WhiteElo "1673"]
[BlackElo "1873"]
[Opening "Caro-Kann: exchange variation"]
[ECO "B13"]
[NIC "CK.02"]
[Time "18:31:46"]
[PlyCount "52"]
[TimeControl "2700+10"]


1. e4 c6 2. d4 d5 3. exd5 cxd5 4. Bd3 Nf6 5. Bf4 Bg4 6. Nf3 Nc6 7. c3 e6 8.
Nbd2 Bd6 9. Bg3 O-O 10. Qb3 Rb8 11. O-O Bxf3 12. Nxf3 Bxg3 13. hxg3 b5 14.
Qc2 Qd6 15. Rfe1 b4 16. Ne5 bxc3 17. bxc3 Rfc8 18. f4 Nxd4 19. Qa4 Nf5 20.
Bxf5 exf5 21. Qxa7 Qc7 22. Qxc7 Rxc7 23. Rab1 Rbc8 24. Rec1 Ne4 25. c4 Nd2
26. Rd1 Nxb1 { White resigns } 0-1

[Event "ICC tourney 2198 (45 10)"]
[Site "Internet Chess Club"]
[Date "2020.12.12"]
[Round "4"]
[White "ashikuzzaman"]
[Black "DanielA1926"]
[Result "0-1"]
[ICCResult "White resigns"]
[WhiteElo "1943"]
[BlackElo "1633"]
[Opening "King's Indian: Semi-Averbakh system"]
[ECO "E73"]
[NIC "KI.27"]
[Time "18:32:13"]
[PlyCount "66"]
[TimeControl "2700+10"]


1. e4 g6 2. d4 Bg7 3. c4 d6 4. Nc3 Nf6 5. Be2 O-O 6. Be3 Nbd7 7. Rc1 e5 8.
d5 a5 9. a3 a4 10. Bd3 Nc5 11. Bxc5 dxc5 12. Nxa4 b6 13. Nc3 Nh5 14. Nge2
f5 15. exf5 gxf5 16. Ng3 Nxg3 17. hxg3 e4 18. Bb1 Qe7 19. Qh5 Bd4 20. Qh4
Bf6 21. Qh5 Bd7 22. Kf1 Qg7 23. Qe2 Bd4 24. g4 fxg4 25. Bxe4 Rxf2+ 26. Qxf2
Bxf2 27. Bxh7+ Kf8 28. Kxf2 Qd4+ 29. Ke1 Re8+ 30. Ne2 Qxb2 31. Rf1+ Kg7 32.
Rc2 Qa1+ 33. Kf2 Rf8+ { White resigns } 0-1

[Event "ICC tourney 2198 (45 10)"]
[Site "Internet Chess Club"]
[Date "2020.12.12"]
[Round "4"]
[White "Zuiopal"]
[Black "Arsalchess"]
[Result "0-1"]
[ICCResult "White checkmated"]
[WhiteElo "1740"]
[BlackElo "1901"]
[Opening "QGD Slav defense"]
[ECO "D10"]
[NIC "SL.01"]
[Time "18:32:24"]
[PlyCount "60"]
[TimeControl "2700+10"]


1. d4 d5 2. c4 c6 3. Nc3 Nf6 4. cxd5 cxd5 5. Bf4 Nc6 6. e3 a6 7. a3 Bf5 8.
Bd3 Bg6 9. Nf3 e6 10. O-O Bd6 11. Bg3 O-O 12. Rc1 Ne4 13. Qc2 Bxg3 14. hxg3
f5 15. Nd2 Rc8 16. Ndxe4 fxe4 17. Be2 Qg5 18. b4 b5 19. Qb2 Bh5 20. Na2 e5
21. dxe5 Nxe5 22. Rxc8 Rxc8 23. Rc1 Rf8 24. Bxh5 Qxh5 25. Rc7 Qd1+ 26. Kh2
Ng4+ 27. Kh3 Nxf2+ 28. Qxf2 Rxf2 29. Rc8+ Rf8 30. Nc3 Qh5# { White
checkmated } 0-1

[Event "ICC tourney 2198 (45 10)"]
[Site "Internet Chess Club"]
[Date "2020.12.12"]
[Round "4"]
[White "eigenator"]
[Black "Openyagami"]
[Result "0-1"]
[ICCResult "White resigns"]
[WhiteElo "2376"]
[BlackElo "2604"]
[Opening "Sicilian: Labourdonnais-Löwenthal (Kalashnikov) variation"]
[ECO "B32"]
[NIC "SI.32"]
[Time "18:31:50"]
[PlyCount "98"]
[TimeControl "2700+10"]


1. e4 c5 2. Nf3 Nc6 3. d4 cxd4 4. Nxd4 e5 5. Nb5 d6 6. c4 g6 7. N1c3 a6 8.
Na3 Be6 9. Nc2 Bg7 10. Be3 f5 11. exf5 gxf5 12. Nd5 Bxd5 13. Qxd5 f4 14.
Bd2 Nf6 15. Qe6+ Qe7 16. Qxe7+ Kxe7 17. f3 Rab8 18. a4 Rhc8 19. Be2 Nd8 20.
Bc3 Ne6 21. O-O Kf7 22. Rfd1 Bf8 23. Nb4 Be7 24. Nd5 Nxd5 25. Rxd5 h5 26.
Rad1 h4 27. Bb4 Nd4 28. R1xd4 exd4 29. Rxd4 b5 30. Rxf4+ Ke8 31. cxb5 Rc2
32. Bd3 Rxb2 33. bxa6 d5 34. Bxe7 Kxe7 35. Rxh4 Rc8 36. h3 Kd6 37. Bb5 Kc5
38. Rh7 Rg8 39. g4 Rc8 40. Rb7 d4 41. h4 Rf8 42. Rc7+ Kd6 43. Rd7+ Ke5 44.
a7 Rc8 45. Rc7 Rd8 46. Re7+ Kf4 47. Re8 Rxe8 48. Bxe8 d3 49. a8=Q Kg3 {
White resigns } 0-1

[Event "ICC tourney 2198 (45 10)"]
[Site "Internet Chess Club"]
[Date "2020.12.12"]
[Round "4"]
[White "landonp"]
[Black "SparkyNinja"]
[Result "0-1"]
[ICCResult "White resigns"]
[WhiteElo "1426"]
[BlackElo "1606"]
[Opening "Sicilian: Najdorf, Opocensky variation"]
[ECO "B92"]
[NIC "SI.11"]
[Time "18:31:31"]
[PlyCount "79"]
[TimeControl "2700+10"]


1. e4 c5 2. Nf3 d6 3. d4 cxd4 4. Nxd4 Nf6 5. Nc3 a6 6. Be2 e5 7. Nb3 Be7 8.
O-O Be6 9. Be3 O-O 10. Qd2 Nbd7 11. Rad1 b5 12. a3 Nb6 13. Na5 Qc7 14. Bxb5
axb5 15. Nxb5 Nc4 16. Nxc7 Nxd2 17. Nxa8 Nxf1 18. Kxf1 Rxa8 19. Nc6 Bf8 20.
f3 Rc8 21. Nb4 Bc4+ 22. Kf2 Ne8 23. b3 Be6 24. c4 Ra8 25. Nc2 Rb8 26. Rb1
Bxc4 27. b4 Bd3 28. Rb2 f5 29. exf5 d5 30. g4 Nd6 31. Ne1 Ba6 32. Rb3 d4
33. Bc1 Bc4 34. Rb2 Nb5 35. Rc2 Nc3 36. Kg2 Bb3 37. Rb2 Bd5 38. Nd3 e4 39.
Ne5 e3 40. Nc6 { White resigns } 0-1

[Event "ICC tourney 2198 (45 10)"]
[Site "Internet Chess Club"]
[Date "2020.12.12"]
[Round "4"]
[White "BigC"]
[Black "Enamul"]
[Result "0-1"]
[ICCResult "White resigns"]
[WhiteElo "2290"]
[BlackElo "2476"]
[Opening "Sicilian: dragon, Yugoslav attack"]
[ECO "B75"]
[NIC "SI.17"]
[Time "18:31:41"]
[PlyCount "118"]
[TimeControl "2700+10"]


1. e4 c5 2. Nf3 d6 3. d4 cxd4 4. Nxd4 Nf6 5. Nc3 g6 6. Be3 Bg7 7. f3 a6 8.
Qd2 h5 9. a4 Nc6 10. Bc4 Bd7 11. O-O Rc8 12. Nxc6 Bxc6 13. Kh1 h4 14. Bd4
h3 15. g3 Kf8 16. Bd5 Bxd5 17. Nxd5 Nxd5 18. exd5 Qc7 19. c3 Qc4 20. Bxg7+
Kxg7 21. Rfe1 Rh5 22. Rxe7 Rxd5 23. Qe2 Qxe2 24. Rxe2 Rd3 25. f4 d5 26. Kg1
d4 27. cxd4 Rxd4 28. Kf2 Rb4 29. Kf3 Rb3+ 30. Kg4 Rh8 31. f5 Rb4+ 32. Kf3
gxf5 33. Rd1 Rxa4 34. Rd5 Rh6 35. Rxf5 Rf6 36. Rf4 Rb4 37. Kg4 Rfxf4+ 38.
gxf4 Kf6 39. Kxh3 Rxf4 40. Kg3 Rb4 41. h4 a5 42. Rh2 a4 43. h5 Kg7 44. Kf3
Kh6 45. Ke3 Rb5 46. Rf2 Kxh5 47. Rxf7 Rxb2 48. Kd3 b5 49. Kd4 a3 50. Ra7 b4
51. Kc4 a2 52. Ra5+ Kg6 53. Ra6+ Kf5 54. Ra5+ Ke6 55. Ra6+ Kd7 56. Ra7+ Kc6
57. Ra6+ Kb7 58. Ra4 b3 59. Rb4+ Kc6 { White resigns } 0-1

[Event "ICC tourney 2198 (45 10)"]
[Site "Internet Chess Club"]
[Date "2020.12.12"]
[Round "4"]
[White "KnightHopper"]
[Black "Luc2008"]
[Result "1-0"]
[ICCResult "Black checkmated"]
[WhiteElo "2039"]
[BlackElo "1706"]
[Opening "Sicilian: Najdorf, Byrne (English) attack"]
[ECO "B90"]
[NIC "SI.14"]
[Time "18:31:45"]
[PlyCount "95"]
[TimeControl "2700+10"]


1. e4 c5 2. Nf3 d6 3. d4 cxd4 4. Nxd4 Nf6 5. Nc3 a6 6. Be3 e5 7. Nb3 Be6 8.
Be2 Be7 9. f3 d5 10. exd5 Nxd5 11. Nxd5 Qxd5 12. Qxd5 Bxd5 13. O-O-O Bxb3
14. axb3 Nc6 15. c3 O-O 16. Bb6 a5 17. Rd7 a4 18. bxa4 Rxa4 19. Kc2 Bg5 20.
Rxb7 Rc8 21. Kb3 Raa8 22. Rd1 Rab8 23. Rdd7 Be3 24. Rdc7 h6 25. Ba6 Rxc7
26. Bxc7 Ra8 27. Bb5 Nd8 28. Rb8 Rxb8 29. Bxb8 f6 30. Kc4 Kf7 31. Bd6 Nb7
32. Bc7 Ke6 33. b4 f5 34. Bc6 Nd6+ 35. Kd3 Bg1 36. b5 Nxb5 37. Bxb5 Bxh2
38. Bb6 h5 39. c4 Kf6 40. c5 Kg5 41. c6 Kh4 42. c7 e4+ 43. fxe4 fxe4+ 44.
Kxe4 Bxc7 45. Bxc7 g5 46. Kf5 g4 47. Kf4 g3 48. Bd8# { Black checkmated }
1-0

[Event "ICC tourney 2198 (45 10)"]
[Site "Internet Chess Club"]
[Date "2020.12.12"]
[Round "4"]
[White "jy2020"]
[Black "funplaychess"]
[Result "1-0"]
[ICCResult "Black resigns"]
[WhiteElo "2227"]
[BlackElo "2306"]
[Opening "Sicilian: Najdorf, Zagreb (fianchetto) variation"]
[ECO "B91"]
[NIC "SI.14"]
[Time "18:32:01"]
[PlyCount "89"]
[TimeControl "2700+10"]


1. e4 c5 2. Nf3 d6 3. d4 cxd4 4. Nxd4 Nf6 5. Nc3 a6 6. g3 e5 7. Nde2 Be7 8.
Bg2 O-O 9. a4 Nc6 10. h3 Nb4 11. O-O Be6 12. Nd5 Nfxd5 13. exd5 Bf5 14. c3
Nd3 15. Qb3 Qc8 16. Kh2 Nxc1 17. Raxc1 h5 18. c4 h4 19. Qe3 a5 20. Rfd1
hxg3+ 21. Nxg3 Ra6 22. Bf1 Ra8 23. c5 Bh4 24. cxd6 Qd7 25. Qxe5 Rfe8 26.
Qf4 Bxg3+ 27. Qxg3 Red8 28. Rc7 Qxd6 29. Qxd6 Rxd6 30. Rxb7 Bc8 31. Rc7 Rb8
32. Rc6 Rd8 33. Bb5 Bd7 34. Rc5 Bxb5 35. axb5 Rb6 36. Ra1 Rbd6 37. Rxa5
Rxd5 38. b6 Rd2 39. b7 Rxf2+ 40. Kg3 Rxb2 41. Rc8 Rb3+ 42. Kg4 Rb4+ 43. Kg5
g6 44. Rxd8+ Kg7 45. Rd7 { Black resigns } 1-0

[Event "ICC tourney 2198 (45 10)"]
[Site "Internet Chess Club"]
[Date "2020.12.12"]
[Round "4"]
[White "BranKing"]
[Black "pika0008"]
[Result "0-1"]
[ICCResult "White checkmated"]
[WhiteElo "2102"]
[BlackElo "1840"]
[Opening "Sicilian: Nimzovich-Rossolimo attack (with ...g6, without ...d6)"]
[ECO "B31"]
[NIC "SI.31"]
[Time "18:31:56"]
[PlyCount "70"]
[TimeControl "2700+10"]


1. e4 c5 2. Nf3 Nc6 3. Bb5 g6 4. O-O Bg7 5. c3 e5 6. d4 cxd4 7. cxd4 exd4
8. Bf4 a6 9. Bc4 d6 10. Nbd2 Nf6 11. Bd5 Nh5 12. Bg5 Qc7 13. Nb3 Bg4 14. h3
Bxf3 15. Qxf3 h6 16. Bd2 O-O 17. Rac1 Qd7 18. Bxc6 bxc6 19. g4 Nf6 20. Nxd4
Rfe8 21. Nxc6 Nxe4 22. Ba5 Rac8 23. Nd8 Rcxd8 24. Bxd8 Qxd8 25. Qa3 Qb6 26.
Qa4 Re7 27. Rc6 Qxb2 28. Qxa6 Bd4 29. Qc8+ Kg7 30. Rc2 Qa3 31. Kg2 Ng5 32.
f3 Re1 33. Qc4 Qxf3+ 34. Rxf3 Rg1+ 35. Kh2 Nxf3# { White checkmated } 0-1

[Event "ICC tourney 2198 (45 10)"]
[Site "Internet Chess Club"]
[Date "2020.12.12"]
[Round "4"]
[White "SupaHotFiya"]
[Black "e4f5"]
[Result "0-1"]
[ICCResult "White resigns"]
[WhiteElo "1982"]
[BlackElo "2253"]
[Opening "Sicilian: Canal-Sokolsky (Nimzovich-Rossolimo, Moscow) attack"]
[ECO "B51"]
[NIC "SI.01"]
[Time "18:31:46"]
[PlyCount "112"]
[TimeControl "2700+10"]


1. e4 c5 2. Nf3 d6 3. Bb5+ Nd7 4. Ba4 Nf6 5. O-O a6 6. c3 b5 7. Bc2 Bb7 8.
Re1 e5 9. d4 Be7 10. Nbd2 O-O 11. Nf1 Re8 12. Ng3 g6 13. h3 Qc7 14. Bh6 Bf8
15. Bxf8 Nxf8 16. d5 Qe7 17. c4 N8d7 18. a4 b4 19. b3 Qf8 20. Qd2 Qg7 21.
Qg5 h6 22. Qd2 Kh7 23. Bd3 Ng8 24. Nh2 Ne7 25. Qc2 Rh8 26. Nhf1 Kg8 27. Ne3
Bc8 28. Rad1 h5 29. Ngf1 Nf8 30. Nh2 Nd7 31. Nf3 Kf8 32. Bf1 Ke8 33. Bd3
Kd8 34. Bf1 Kc7 35. Bd3 Nf6 36. Ng5 Nh7 37. Nxh7 Rxh7 38. Kf1 g5 39. Ke2
Bd7 40. Kd2 Rah8 41. Rh1 g4 42. hxg4 hxg4 43. Qb1 g3 44. f3 Ng6 45. Rxh7
Rxh7 46. Rh1 Nf4 47. Qf1 Rh2 48. Rg1 Qh6 49. Kc2 Kd8 50. Qe1 Qh4 51. Be2
Bh3 52. Nf1 Bxg2 53. Nxh2 Qxh2 54. Kd1 Ke7 55. a5 Nh3 56. Rxg2 Qxg2 { White
resigns } 0-1